 Dungeon Sprint DCSS version 0.21-a0-221-gfe971b9 (webtiles) character file.

11571 Kidiri the Fencer (level 11, -6/105 HPs)
             Began as a Black Draconian Abyssal Knight on Aug 25, 2017.
             Was the Champion of Lugonu.
             Mangled by an ogre
             ... wielding a +0 giant club
              (16 damage)
             ... in the Dungeon (Sprint IX: "|||||||||||||||||||||||||||||").
             The game lasted 00:11:38 (4321 turns).

Kidiri the Fencer (Black Draconian Abyssal Knight)  Turns: 4321, Time: 00:11:39

Health: -6/105     AC: 11    Str: 18    XL:     11   Next: 51%
Magic:  18/20      EV: 25    Int: 12    God:    Lugonu [******]
Gold:   1250       SH:  0    Dex: 16    Spells: 10/10 levels left

rFire    . . .     SeeInvis .   a - +0 great sword
rCold    . . .     Gourm    .   (shield currently unavailable)
rNeg     . . .     Faith    .   (armour unavailable)
rPois    .         Spirit   .   (helmet restricted)
rElec    +         Reflect  .   (no cloak)
rCorr    .         Harm     .   n - +2 pair of gloves
MR       .....     NoTele   +   (no boots)
Stlth    +.........             (no amulet)
HPRegen  0.27/turn              v - +5 ring of dexterity
MPRegen  0.17/turn              i - +2 ring of evasion

@: no status effects
A: breathe lightning, unfitting armour, horns 2, blurry vision 1, deterioration
1, shaggy fur 1, electricity resistance, evolution 1, cold-blooded, AC +7
a: Breathe Lightning, Bend Space, Banish, Corrupt, Brand Weapon With Distortion,
Renounce Religion


You were in the Dungeon.
You worshipped Lugonu.
Lugonu was exalted by your worship.
You were very full.

You visited 1 branch You collected 1250 gold pieces.

Inventory:

Hand Weapons
 a - a +0 great sword (weapon)
Armour
 n - a +2 pair of gloves (worn)
Jewellery
 i - a +2 ring of evasion (right hand)
 v - a +5 ring of dexterity (left hand)
Wands
 m - a wand of iceblast (7/15)
Scrolls
 h - 2 scrolls of blinking
 k - 3 scrolls of remove curse
 l - 2 scrolls of amnesia
 q - 2 scrolls of fog
 r - a scroll of identify
 t - a scroll of fear
Potions
 c - 6 potions of curing
 d - a potion of heal wounds
 e - a potion of haste
 f - 4 potions of magic
 g - 3 potions of berserk rage
 j - a potion of invisibility
 p - 2 potions of might
Comestibles
 b - 14 bread rations
 u - 13 meat rations
 w - 28 fruits


   Skills:
 + Level 12.4 Fighting
 * Level 15.1 Long Blades
 + Level 10.3 Throwing
 * Level 14.0 Dodging
 + Level 12.2 Invocations


You had 10 spell levels left.
You didn't know any spells.

Dungeon Overview and Level Annotations

Branches:
Dungeon (1/1)

Altars:
Cheibriados
Dithmenos
Elyvilon
Fedhas
Gozag
Hepliaklqana
Kikubaaqudgha
Makhleb
Nemelex Xobeh
Okawaru
Qazlal
Ru
Sif Muna
Trog
Uskayaw
Vehumet
Wu Jian
Xom
Yredelemnul
Zin
The Shining One
Beogh
Jiyva
Lugonu

Shops:
D [%[(


Innate Abilities, Weirdness & Mutations

You can breathe wild blasts of lightning.
Your glossy black scales are hard. (AC +7)
You cannot fit into any form of body armour.
You are resistant to electric shocks. (rElec)
You are cold-blooded and may be slowed by cold attacks.
You have a pair of horns on your head.
Scrolls take you a little longer to read.
Your body sometimes deteriorates upon taking damage.
You are covered in fur. (AC +1)
You evolve.


Message History

The two-headed ogre closely misses you.
Unknown command.
Space bends sharply around you!
You blink.
A two-headed ogre comes into view.
It is wielding a great mace and a dire flail.
The ogre barely misses you.
Found 150 gold pieces.
Found Lilefato's Food Shoppe and Jiluq's Antique Armour Emporium.
Unknown command.
Space bends around you!
You blink.
An ogre and an ogre mage come into view.
The two-headed ogre shouts in stereo!
The ogre shouts!
Found 100 gold pieces.
Found Buukahi's Antique Weapon Shoppe.
Unknown command.
There is an entrance to Puriuwi's Armour Emporium here.
Unknown command.
You barely miss the ogre. You headbutt the ogre.
Your tail-slap misses the ogre.
The ogre is lightly wounded.
The ogre hits you with a giant club!
You die...

▓▓▓▓▓▓▓▓▓▓▓▓▓▓▓▓▓▓▓▓▓▓▓▓▓
........).)$OOOO@$O$O$O$$
▓▓▓▓▓▓▓▓▓▓▓▓▓▓▓▓▓▓▓▓▓▓▓▓▓▓▓▓▓▓▓▓▓
.................................
▓▓▓▓▓▓▓▓▓▓▓▓▓▓▓▓▓▓▓▓▓▓▓▓▓▓▓▓▓▓▓▓▓
.'.........'........(.[.'..[[[[..
▓▓▓▓▓▓▓▓▓▓▓▓▓▓▓▓▓▓▓▓▓▓▓▓▓▓▓▓▓▓▓▓▓
.................................
▓▓▓▓▓▓▓▓▓▓▓▓▓▓▓▓▓▓▓▓▓▓▓▓▓▓▓▓▓▓▓▓▓
___________'..|).[[..'÷.....)....


You could see 2 two-headed ogres, an ogre mage and 4 ogres.

Vanquished Creatures
  3 hydras (D)
  A centaur warrior (D)
  A two-headed ogre (D)
  An ogre mage (D)
  2 lindwurms (D)
  5 orc knights (D)
  An orc sorcerer (D)
  An oklob plant (D)
  A spiny frog (D)
  3 tyrant leeches (D)
  A polar bear (D)
  A blink frog (D)
  A basilisk (D)
  A vampire mosquito (D)
  A water moccasin (D)
  7 orc warriors (D)
  3 porcupines (D)
  A sky beast (D)
  An ice beast (D)
  An ogre (D)
  4 crocodiles (D)
  2 bullfrogs (D)
  A killer bee (D)
  A crimson imp (D)
  A hound (D)
  6 orc priests (D)
  An iguana (D)
  2 worker ants (D)
  An adder skeleton (D)
  2 adder zombies (D)
  3 worms (D)
  A leopard gecko (D)
  6 orcs (D)
  A bat zombie (D)
  A hobgoblin (D)
  A kobold (D)
  A ball python (D)
  A ball python skeleton (D)
  2 frilled lizards (D)
  A rat (D)
76 creatures vanquished.

Notes
Turn   | Place    | Note
-------+----------+-------------------------------------------
     0 | D        | Kidiri the Draconian Abyssal Knight began the quest for the Orb.
     0 | D        | Reached XP level 1. HP: 19/19 MP: 2/2
     8 | D        | Reached ** piety under Lugonu
    66 | D        | Noticed a crimson imp
    66 | D        | Noticed a worker ant
    66 | D        | Noticed a hound
    70 | D        | Reached skill level 1 in Throwing
    76 | D        | Reached *** piety under Lugonu
    76 | D        | Reached XP level 2. HP: 25/27 MP: 3/3
    82 | D        | Reached skill level 3 in Long Blades
    82 | D        | Reached XP level 3. HP: 19/33 MP: 3/5
    90 | D        | Reached skill level 4 in Long Blades
   125 | D        | Reached **** piety under Lugonu
   125 | D        | Reached skill level 5 in Long Blades
   125 | D        | Reached XP level 4. HP: 25/41 MP: 5/7
   262 | D        | Found a roughly hewn altar of Beogh.
   262 | D        | Found a snail-covered altar of Cheibriados.
   262 | D        | Found a shadowy altar of Dithmenos.
   262 | D        | Found a white marble altar of Elyvilon.
   262 | D        | Found a blossoming altar of Fedhas.
   262 | D        | Found an opulent altar of Gozag.
   274 | D        | Found a hazy altar of Hepliaklqana.
   275 | D        | Found a viscous altar of Jiyva.
   276 | D        | Found an ancient bone altar of Kikubaaqudgha.
   277 | D        | Found a corrupted altar of Lugonu.
   278 | D        | Found a burning altar of Makhleb.
   279 | D        | Found a sparkling altar of Nemelex Xobeh.
   280 | D        | Found an iron altar of Okawaru.
   281 | D        | Found a stormy altar of Qazlal.
   282 | D        | Found a sacrificial altar of Ru.
   283 | D        | Found a deep blue altar of Sif Muna.
   284 | D        | Found a bloodstained altar of Trog.
   285 | D        | Found a hide-covered altar of Uskayaw.
   286 | D        | Found a radiant altar of Vehumet.
   287 | D        | Found an ornate altar of the Wu Jian Council.
   288 | D        | Found a shimmering altar of Xom.
   289 | D        | Found a basalt altar of Yredelemnul.
   290 | D        | Found a glowing silver altar of Zin.
   291 | D        | Found a glowing golden altar of the Shining One.
   308 | D        | Found the +5 scythe "Finisher" {speed, Str+3}
   332 | D        | Noticed a sky beast
   341 | D        | Reached skill level 5 in Fighting
   341 | D        | Reached skill level 5 in Dodging
   350 | D        | Killed a sky beast
   350 | D        | Reached skill level 6 in Long Blades
   350 | D        | Reached skill level 5 in Invocations
   350 | D        | Reached XP level 5. HP: 20/50 MP: 8/8
   353 | D        | Reached ***** piety under Lugonu
   359 | D        | Gained mutation: You have sharp toenails. [mutagenic meat]
   360 | D        | Lost mutation: You have sharp toenails. [mutagenic meat]
   361 | D        | Gained mutation: Your body sometimes deteriorates upon taking damage. [mutagenic meat]
   362 | D        | Gained mutation: You evolve. [mutagenic meat]
   363 | D        | Gained mutation: You are covered in fur. (AC +1) [mutagenic meat]
   534 | D        | Noticed a centaur warrior
   534 | D        | Noticed an ice beast
   534 | D        | Noticed a vampire mosquito
   544 | D        | Killed a centaur warrior
   544 | D        | Reached skill level 9 in Long Blades
   544 | D        | Reached skill level 5 in Throwing
   544 | D        | Reached XP level 6. HP: 20/61 MP: 8/11
   544 | D        | Your scales start taking on a glossy black colour.
   544 | D        | Reached XP level 7. HP: 22/67 MP: 8/12
   544 | D        | Gained mutation: You are resistant to electric shocks. (rElec) [Black Draconian growth]
   550 | D        | Reached XP level 8. HP: 25/74 MP: 8/13
   941 | D        | Noticed an eight-headed hydra
   941 | D        | Noticed a spiny frog
   942 | D        | Noticed a seven-headed hydra
   942 | D        | Reached skill level 10 in Long Blades
   946 | D        | Killed a five-headed hydra
   946 | D        | Reached skill level 11 in Long Blades
   946 | D        | Reached skill level 10 in Dodging
   946 | D        | Reached XP level 9. HP: 34/83 MP: 13/15
   950 | D        | Killed a spiny frog
   950 | D        | Reached ****** piety under Lugonu
  1043 | D        | Gained mutation: You have a pair of small horns on your head. [evolution]
  1206 | D        | Killed a two-headed hydra
  1207 | D        | Reached skill level 12 in Long Blades
  1209 | D        | Reached skill level 10 in Fighting
  1336 | D        | Noticed an oklob plant
  1405 | D        | HP: 1/85 [acid (14)]
  1408 | D        | Killed an oklob plant
  1647 | D        | Noticed a polar bear
  1650 | D        | Noticed an eight-headed hydra
  1666 | D        | HP: 2/85 [four-headed hydra (10)]
  1923 | D        | Reached skill level 10 in Invocations
  1935 | D        | Reached XP level 10. HP: 87/94 MP: 17/17
  1946 | D        | Gained mutation: Scrolls take you a little longer to read. [evolution]
  1981 | D        | Killed a one-headed hydra
  1981 | D        | Reached skill level 13 in Long Blades
  2029 | D        | Noticed a lindwurm
  2030 | D        | Noticed a lindwurm
  2407 | D        | Killed a lindwurm
  2750 | D        | Killed a lindwurm
  3070 | D        | Noticed an orc knight
  3086 | D        | Killed an orc knight
  3091 | D        | Reached skill level 14 in Long Blades
  3270 | D        | Noticed an orc knight
  3273 | D        | Noticed an orc knight
  3280 | D        | Killed an orc knight
  3280 | D        | Reached XP level 11. HP: 70/104 MP: 19/19
  3282 | D        | Noticed an orc sorcerer
  3538 | D        | Killed an orc knight
  3702 | D        | Gained mutation: You have a pair of horns on your head. [evolution]
  3962 | D        | Noticed an orc knight
  3967 | D        | Noticed an orc knight
  3967 | D        | Killed an orc sorcerer
  3988 | D        | Killed an orc knight
  3988 | D        | Reached skill level 10 in Throwing
  3996 | D        | Killed an orc knight
  4298 | D        | Found Puriuwi's Armour Emporium.
  4298 | D        | Noticed an ogre mage
  4298 | D        | Noticed a two-headed ogre
  4298 | D        | Noticed a two-headed ogre
  4313 | D        | Killed an ogre mage
  4313 | D        | Reached skill level 15 in Long Blades
  4316 | D        | Killed a two-headed ogre
  4318 | D        | Found Lilefato's Food Shoppe.
  4318 | D        | Found Jiluq's Antique Armour Emporium.
  4318 | D        | Noticed a two-headed ogre
  4319 | D        | Found Buukahi's Antique Weapon Shoppe.
  4319 | D        | Noticed an ogre mage
  4321 | D        | Mangled by an ogre

Vault maps used:
D:        linesprint

Skill      XL: |  1  2  3  4  5  6  7  8  9 10 11 |
---------------+----------------------------------+-----
Throwing       | 1 2 3 5 6 7 8 9 10 | 10.3
Fighting       | 4 5 7 8 9 10 11 12 | 12.4
Long Blades    | 3 5 6 9 11 12 14 15 | 15.1
Dodging        | 3 4 6 8 10 11 13 14 | 14.0
Invocations    | 3 4 5 7 8 10 11 12 | 12.2

Action                   |  1- 3 |  4- 6 |  7- 9 | 10-12 || total
-------------------------+-------+-------+-------+-------++-------
Melee: Falchion          |    53 |       |       |       ||    53
       Tailslap          |     7 |     6 |     9 |    40 ||    62
       Scimitar          |       |    29 |    57 |   182 ||   268
       Headbutt          |       |       |     5 |    57 ||    62
       Great sword       |       |       |       |    20 ||    20
Invok: Bend Space        |       |       |     2 |     4 ||     6
 Abil: Breathe Lightning |       |       |     2 |     6 ||     8
  Use: Potion            |       |     1 |     3 |     1 ||     5
       Scroll            |       |       |     2 |       ||     2
 Stab: Distracted        |       |       |       |     1 ||     1
  Eat: Chunk             |       |     5 |     3 |     6 ||    14
       Fruit             |       |       |       |    12 ||    12
Armor: Skin              |    15 |     7 |    22 |    13 ||    57
Dodge: Dodged            |    44 |    14 |    48 |   101 ||   207
       Rpst.: Falchion   |    13 |       |       |       ||    13
       Scimitar          |       |     5 |     8 |    26 ||    39
       Great sword       |       |       |       |     3 ||     3

Table legend:
 A = Spawn XP
 B = Non-spawn XP
 C = Spawn XP percentage of total XP
 D = Spawn monster count
 E = Non-spawn monster count
 F = Spawn count percentage of total count
 G = Total turns spent on level
                    A         B        C        D         E        F      G
               +---------+---------+-------+---------+---------+-------+---------
         Total |       0 |   16531 |   0.0 |       0 |      76 |   0.0 |  4321
               +---------+---------+-------+---------+---------+-------+---------
             D |       0 |   16531 |   0.0 |       0 |      76 |   0.0 |  4321
               +---------+---------+-------+---------+---------+-------+---------
